 Dungeon Crawl Stone Soup version 0.29.1-1-gd02db6906a (webtiles) character file.

Game seed: 9900685115616642399

468 Metae the Shield-Bearer (level 6, 0/56 HPs)
             Began as a Minotaur Fighter on Sept 27, 2022.
             Was an Initiate of Okawaru.
             Slain by a hound (4 damage)
             ... on level 5 of the Dungeon.
             The game lasted 00:09:22 (3851 turns).

Metae the Shield-Bearer (Minotaur Fighter)          Turns: 3851, Time: 00:09:23

Health: 0/56       AC:  1    Str: 23    XL:     6   Next: 81%
Magic:  5/5        EV:  7    Int:  5    God:    Okawaru [......]
Gold:   121        SH:  5    Dex:  9    Spells: 5/5 levels left

rFire   + . .      SeeInvis .   a - +1 trident
rCold   x . .      Faith    .   c - +0 buckler
rNeg    . . .      Spirit   .   u - +0 chain mail
rPois   .          Reflect  .   (helmet restricted)
rElec   .          Harm     .   (no cloak)
rCorr   .          Rampage  .   (no gloves)
Will    .....                   (no boots)
Stlth   ..........              (no amulet)
HPRegen 0.18/turn               p - ring of fire
MPRegen 0.09/turn               (no ring)

@: corroded
A: horns 2, retaliatory headbutt
a: Renounce Religion


You were on level 5 of the Dungeon.
You worshipped Okawaru.
Okawaru was noncommittal.
You visited 1 branch of the dungeon, and saw 5 of its levels.

You collected 121 gold pieces.

Inventory:

Hand Weapons
 a - a +1 trident (weapon)
 b - a +4 sling
Missiles
 j - 36 stones (quivered)
 o - 2 throwing nets
Armour
 c - a +0 buckler (worn)
 u - a +0 chain mail (worn)
Jewellery
 p - a ring of fire (left hand)
Scrolls
 f - a scroll of poison
 g - 2 scrolls of teleportation
 m - a scroll of immolation
 t - a scroll of blinking
Potions
 d - 2 potions of might
 e - 2 potions of haste {unknown}
 h - a potion of invisibility {unknown}
 k - 3 potions of curing
 l - 2 potions of flight {unknown}
 q - a potion of lignification {unknown}
 r - 2 potions of heal wounds {unknown}


   Skills:
 + Level 5.4 Fighting
 + Level 4.6 Polearms
 + Level 1.7 Ranged Weapons
 + Level 5.4 Armour
 + Level 5.4 Shields
 + Level 1.0 Invocations


You had 5 spell levels left.
You didn't know any spells.
Your spell library contained the following spells:

 Spells                   Type           Power      Damage    Failure   Level
 Foxfire                  Conj/Fire      0%         2x1d4     99%         1
 Conjure Flame            Conj/Fire      0%         6-21      100%        3
 Inner Flame              Hex/Fire       0%         N/A       100%        3
 Cause Fear               Hex            0%         N/A       100%        4
 Flame Wave               Conj/Fire      0%         2d4       100%        4
 Discord                  Hex            0%         N/A       100%        8


Dungeon Overview and Level Annotations

Branches:
Dungeon (5/15)
 Temple: D:4-7

Altars:
Ashenzari
Gozag
Nemelex Xobeh
Okawaru
Trog
Xom
Yredelemnul
The Shining One


Innate Abilities, Weirdness & Mutations

You have a pair of horns on your head.
You reflexively headbutt those who attack you in melee.


Message History

* * * LOW HITPOINT WARNING * * *
You puncture the shadow imp!
You kill the shadow imp!
Okawaru accepts your kill.
You start resting.
You hear the slow hiss of a very distant avalanche of sand.
You start resting.
A hound comes into view.
A hound is nearby!
The hound barks!
A hound is nearby!
You see here a scroll of teleportation.
You block the hound's attack.
You barely miss the hound. The hound bites you but does no damage.
The hound bites you.
* * * LOW HITPOINT WARNING * * *
You completely miss the hound. Your headbutt misses the hound.
You block the hound's attack.
You hit the hound.
The hound is lightly wounded.
The hound bites you.
* * * LOW HITPOINT WARNING * * *
You block the hound's attack.
You hit the hound. Your headbutt misses the hound.
The hound is moderately wounded.
The hound bites you.
* * * LOW HITPOINT WARNING * * *
The hound bites you.
* * * LOW HITPOINT WARNING * * *
You hit the hound.
The hound is heavily wounded.
You block the hound's attack.
It was a potion of curing.
You feel better. The hound bites you.
* * * LOW HITPOINT WARNING * * *
The hound bites you.
* * * LOW HITPOINT WARNING * * *
You hit the hound but do no damage.
The hound is heavily wounded.
The hound bites you.
You die...

#...# #..# #. .. #.†.#
#..# #.##.. ##. #...#
#..###....## ..#
##.'####....#.##..#
##.. ###.......# .##.#
.## #.......##....##..
>.⌠....⌠.##....##.#..#
#...##...##....#.##..#
### #.####..##.@h.##
+## #...#.##..#
#..#..##.#.(##.#
.>.##....##....#
###...##.#..##.#. #...
.##..# # ..##.. ##..
.. #.# .# ..# ##


You could see a hound.

Vanquished Creatures
  Sigmund (D:2)
  A necrophage (D:5)
  A hound (D:5)
  A jelly (D:5)
  5 gnolls
  3 adders
  A shadow imp (D:5)
  An ufetubus (D:4)
  2 worms
  A dart slug (D:3)
  10 orcs
  5 endoplasms
  A giant cockroach (D:3)
  8 goblins
  7 hobgoblins
  4 jackals (D:4)
  5 quokkas
  6 ball pythons
  A bat (D:2)
  4 frilled lizards
  10 kobolds
  6 rats
84 creatures vanquished.

Notes
Turn   | Place    | Note
-------+----------+-------------------------------------------
     0 | D:1      | Metae the Minotaur Fighter began the quest for the Orb.
     0 | D:1      | Reached XP level 1. HP: 19/19 MP: 0/0
   254 | D:1      | Reached XP level 2. HP: 27/27 MP: 1/1
  1065 | D:1      | Reached XP level 3. HP: 33/33 MP: 2/2
  1110 | D:2      | Noticed Sigmund
  1119 | D:2      | Killed Sigmund
  1120 | D:2      | Reached XP level 4. HP: 30/41 MP: 3/3
  1120 | D:2      | Reached XP level 5. HP: 34/47 MP: 4/4
  1454 | D:2      | Reached skill level 5 in Shields
  1463 | D:2      | Reached skill level 5 in Fighting
  1463 | D:2      | Reached skill level 5 in Armour
  2443 | D:3      | Reached XP level 6. HP: 56/56 MP: 5/5
  2592 | D:3      | Found a shimmering altar of Xom.
  2597 | D:3      | Found a basalt altar of Yredelemnul.
  2897 | D:4      | Found an opulent altar of Gozag.
  2921 | D:4      | Reached skill level 1 in Ranged Weapons
  3175 | D:4      | Found an iron altar of Okawaru.
  3208 | D:4      | Became a worshipper of Warmaster Okawaru
  3285 | D:4      | Found a broken altar of Ashenzari.
  3286 | D:4      | Found a glowing golden altar of the Shining One.
  3287 | D:4      | Found a sparkling altar of Nemelex Xobeh.
  3288 | D:4      | Found a bloodstained altar of Trog.
  3790 | D:5      | Entered Level 5 of the Dungeon
  3833 | D:5      | Reached skill level 1 in Invocations
  3848 | D:5      | HP: 1/56 [hound (4)]
  3851 | D:5      | Slain by a hound

Illustrated notes

Levels and vault maps discovered:
D:1:      giann_wishing_wells, layout_basic
D:2:      layout_loops_ring, uniq_sigmund
D:3:      layout_rooms, amethyst_overflow_temple_binary
D:4:      layout_loops_ring, okawaru_trees_2, mainiacjoe_overflow_alcove_3,
          mainiacjoe_overflow_tiny_flanked, minmay_misc_feat_secret_circle,
          uniq_crazy_yiuf_cottage
D:5:      layout_loops_ring, enter_ossuary_1, minmay_misc_feat_five,
          grunt_ministairs_4, nicolae_eternal_life,
          chequers_serial_rivers_micro_e

Skill      XL: |  1  2  3  4  5  6 |
---------------+-------------------+-----
Fighting       | 4 5 |  5.4
Armour         | 4 5 |  5.4
Shields        | 4 5 |  5.4
Polearms       | 3 4 |  4.6
Ranged Weapons | 1 |  1.7
Invocations    | 1 |  1.0

Action                   |  1- 3 |  4- 6 || total
-------------------------+-------+-------++-------
Melee: Trident           |    57 |   188 ||   245
       Headbutt          |     5 |    29 ||    34
 Fire: Sling             |       |     2 ||     2
  Use: Scroll            |       |     5 ||     5
       Potion            |       |     1 ||     1
Armor: Scale mail        |    16 |    35 ||    51
       Chain mail        |       |    29 ||    29
Dodge: Dodged            |    25 |    66 ||    91
Block: Buckler           |     7 |    38 ||    45
